 Dungeon Crawl Stone Soup version 0.22-a0-322-g60b3cfd (webtiles) character file.

49 CanOfBees the Skirmisher (level 3, -4/33 HPs)
             Began as a Draconian Berserker on Apr 4, 2018.
             Was a Believer of Trog.
             Slain by Sigmund
             ... wielding a +0 scythe
              (14 damage)
             ... on level 2 of the Dungeon.
             The game lasted 00:02:43 (1229 turns).

CanOfBees the Skirmisher (Draconian Berserker)      Turns: 1229, Time: 00:02:44

Health: -4/33      AC:  5    Str: 20    XL:     3   Next: 51%
Magic:  3/3        EV: 13    Int:  7    God:    Trog [**....]
Gold:   53         SH:  0    Dex: 10    Spells: 2/2 levels left

rFire    . . .     SeeInvis .   a - +0 hand axe
rCold    . . .     Gourm    .   (no shield)
rNeg     . . .     Faith    .   (armour unavailable)
rPois    .         Spirit   .   (helmet restricted)
rElec    .         Reflect  .   (no cloak)
rCorr    .         Harm     .   (no gloves)
MR       ++...                  (no boots)
Stlth    +.........             (no amulet)
HPRegen  1.11/turn              (no ring)
MPRegen  0.08/turn              (no ring)

@: regenerating
A: unfitting armour, cold-blooded, AC +5
a: Berserk, Trog's Hand, Renounce Religion


You were on level 2 of the Dungeon.
You worshipped Trog.
Trog was pleased with you.
You were not hungry.

You visited 1 branch of the dungeon, and saw 2 of its levels.

You collected 53 gold pieces.

Inventory:

Hand Weapons
 a - a +0 hand axe (weapon)
 m - a +0 hunting sling
Missiles
 l - 7 javelins (quivered)
Jewellery
 c - an uncursed ring of resist corrosion {unknown}
Scrolls
 d - 2 scrolls of teleportation {unknown}
 i - 2 scrolls of identify {unknown}
 o - a scroll of remove curse {unknown}
Potions
 e - a potion of heal wounds {unknown}
 g - a potion of lignification {unknown}
 h - a potion of haste {unknown}
 j - a potion of curing {unknown}
 k - a potion of magic {unknown}
 n - a potion of flight {unknown}
Comestibles
 b - 3 rations
 f - 2 chunks of flesh


   Skills:
 * Level 4.0 Fighting
 * Level 3.5 Axes
 + Level 3.1 Dodging


You had 2 spell levels left.
You didn't know any spells.

Dungeon Overview and Level Annotations

Branches:
Dungeon (2/15)

Altars:
Cheibriados

Annotations:
D:2 Sigmund


Innate Abilities, Weirdness & Mutations

Your plain brown scales are hard. (AC +5)
You cannot fit into any form of body armour.
You are cold-blooded and may be slowed by cold attacks.


Message History

Unknown command.
You hit the goblin.
You kill the goblin!
Trog accepts your kill.
Sigmund hits you from afar with a scythe!
Things that are here:
a dagger; a goblin corpse; a jackal corpse Unknown command.
You closely miss Sigmund. Sigmund completely misses you.
You hit Sigmund.
Sigmund is lightly wounded.
Sigmund hits you with a scythe!
* * * LOW HITPOINT WARNING * * *
You barely miss Sigmund.
Your tail-slap misses Sigmund.
Sigmund is lightly wounded.
You feel the effects of Trog's Hand fading.
You barely miss Sigmund.
Sigmund is lightly wounded.
Sigmund hits you with a scythe!
You die...

# #.# ## # #.#.. #+# #
###.#.###.# ## #
..#.#.##..#####..#
########.#..##.......@...
'...#....#..+...8..>h.8..
###.#.#..#.###...........
......#......##.@#####..#
.##.#.##.#.#..##@#
.+..#....#+##..#.#
.####.......##..†# .#
#.......###### .#
#.......# ....+.......#
.####.......# .#
#.......# .# #.......###


You could see Sigmund.

Vanquished Creatures
  An ooze (D:1)
  A dart slug (D:2)
  A ball python (D:1)
  5 bats
  3 giant cockroaches (D:1)
  9 goblins
  2 hobgoblins (D:1)
  4 jackals (D:2)
  A frilled lizard (D:2)
  6 kobolds
  3 rats (D:1)
36 creatures vanquished.

Notes
Turn   | Place    | Note
-------+----------+-------------------------------------------
     0 | D:1      | CanOfBees the Draconian Berserker began the quest for the Orb.
     0 | D:1      | Reached XP level 1. HP: 19/19 MP: 1/1
   101 | D:1      | Reached XP level 2. HP: 15/26 MP: 2/2
   820 | D:1      | Reached XP level 3. HP: 32/33 MP: 3/3
   865 | D:1      | Reached ** piety under Trog
  1121 | D:2      | Found a snail-covered altar of Cheibriados.
  1167 | D:2      | Reached skill level 4 in Fighting
  1204 | D:2      | Noticed Sigmund
  1229 | D:2      | Slain by Sigmund

Vault maps used:
D:1:      scummos_arrival_simple_fountains, minivault_27, minmay_misc_feat_room
D:2:      kennysheep_slug_shrine, grunt_ministairs_15, uniq_sigmund

Skill      XL: |  1  2  3 |
---------------+----------+-----
Dodging        | 3 |  3.1
Fighting       | 4 |  4.0
Axes           | |  3.5

Action                   || total
-------------------------++-------
Melee: Hand axe          ||   104
       Tailslap          ||    10
Invok: Trog's Hand       ||     1
 Stab: Sleeping          ||     2
  Eat: Chunk             ||     1
Armor: Skin              ||    32
Dodge: Dodged            ||    75

Table legend:
 A = Spawn XP
 B = Non-spawn XP
 C = Spawn XP percentage of total XP
 D = Spawn monster count
 E = Non-spawn monster count
 F = Spawn count percentage of total count
 G = Total turns spent on level
                    A         B        C        D         E        F      G
               +---------+---------+-------+---------+---------+-------+---------
         Total |       0 |      70 |   0.0 |       0 |      36 |   0.0 |  1229
               +---------+---------+-------+---------+---------+-------+---------
           D:1 |       0 |      48 |   0.0 |       0 |      25 |   0.0 |   959
           D:2 |       0 |      22 |   0.0 |       0 |      11 |   0.0 |   270
               +---------+---------+-------+---------+---------+-------+---------
